 Dungeon Sprint DCSS version 0.30.1-11-g7821555f0a (webtiles) character file.

Game seed: 4651988795093748522

1285 Heoruswealwe the Impaler (level 8, -18/82 HPs)
             Began as a Minotaur Fighter on Dec 3, 2023.
             Was an Initiate of Gozag.
             Killed from afar by an efreet (30 damage)
             ... with a bolt of fire
             ... in the Dungeon (Sprint IX: "|||||||||||||||||||||||||||||").
             The game lasted 00:03:45 (287 turns).

Heoruswealwe the Impaler (Minotaur Fighter)          Turns: 287, Time: 00:03:45

Health: -18/82     AC: 18    Str: 22    XL:     8   Next: 29%
Magic:  7/7        EV:  7    Int:  5    God:    Gozag
Gold:   432        SH:  0    Dex: 11    Spells: 7/7 levels left

rFire   . . .        b - +2 halberd (venom)
rCold   . . .        (shield currently unavailable)
rNeg    . . .        c - +0 plate armour
rPois   .            (helmet restricted)
rElec   .            h - +0 cloak
rCorr   .            (no gloves)
SInv    .            e - +0 pair of boots
Will    .....        (no amulet) Stlth
                     (no ring)
HPRegen 0.33/turn    (no ring)
MPRegen 0.10/turn

%: no teleportation
@: gold aura
A: horns 2, retaliatory headbutt
a: Renounce Religion, Potion Petition, Call Merchant, Bribe Branch


You were in the Dungeon.
You worshipped Gozag.
Gozag was aware of your devotion.
You visited 1 branch You collected 432 gold pieces.

Inventory:

Hand Weapons
 a - a +0 trident
 b - a +2 halberd of venom (weapon)
Armour
 c - a +0 plate armour (worn)
 d - a +0 buckler
 e - a +0 pair of boots (worn)
 h - a +0 cloak (worn)
Wands
 m - a wand of roots (10)
Scrolls
 j - 2 scrolls of blinking
Potions
 f - 4 potions of curing
 g - a potion of haste
 i - a potion of berserk rage
 k - a potion of might
 l - a potion of heal wounds


   Skills:
 + Level 11.6 Fighting
 * Level 15.4 Polearms
 + Level 11.6 Armour
 - Level 3.6 Shields


You had 7 spell levels left.
You didn't know any spells.
Your spell library was empty.

Dungeon Overview and Level Annotations

Branches:
Dungeon (1/1)

Altars:
Cheibriados
Dithmenos
Elyvilon
Fedhas
Gozag
Hepliaklqana
Kikubaaqudgha
Makhleb
Nemelex Xobeh
Okawaru
Qazlal
Ru
Sif Muna
Trog
Uskayaw
Vehumet
Wu Jian
Xom
Yredelemnul
Zin
The Shining One
Jiyva
Lugonu


Innate Abilities, Weirdness & Mutations

You have a pair of horns on your head.
You reflexively headbutt those who attack you in melee.


Message History

You hit the acid dragon but do no damage.
You headbutt the acid dragon!
The acid dragon is almost dead.
The acid dragon barely misses you. The acid dragon claws you.
You slash the acid dragon!
You kill the acid dragon!
The efreet hits you with a +2 scimitar of flaming!
The efreet burns you.
There is an open door, spattered with blood here.
Things that are here:
324 gold pieces; a +0 dagger; a +1 robe of cold resistance You hit the efreet.
The efreet is lightly wounded.
The efreet hits you with a +2 scimitar of flaming.
The efreet burns you.
You puncture the efreet!
The efreet is heavily wounded.
The efreet hits you with a +2 scimitar of flaming!
The efreet burns you.
You hit the efreet but do no damage. You headbutt the efreet.
The efreet is heavily wounded.
The efreet hits you with a +2 scimitar of flaming!
The efreet burns you.
You hit the efreet but do no damage.
The efreet is heavily wounded.
You barely miss the efreet.
The efreet is heavily wounded.
The efreet hits you with a +2 scimitar of flaming.
The efreet burns you.
* * * LOW HITPOINT WARNING * * *
You hit the efreet but do no damage. You headbutt the efreet!
The efreet is severely wounded.
The efreet gestures at you. The bolt of fire hits you!!
* * * LOW HITPOINT WARNING * * *
You feel much better. The efreet gestures at you. The bolt of fire hits you!!
You die...
Your body crumbles into a pile of gold. $$$$$ $ $ $ $$$$ $ ▓▓▓▓▓▓▓▓▓▓▓▓▓▓▓▓▓▓▓▓▓▓▓▓ +....{R@......))..==[)?! ▓▓▓▓▓▓▓▓▓▓▓▓▓▓▓▓▓▓▓▓▓▓▓▓

You could see an efreet.

Vanquished Creatures
  A kobold demonologist (D)
  A wraith (D)
  A yak (D)
  2 acid dragons (D)
  A water moccasin (D)
  A black bear (D)
  An ogre (D)
  2 wights (D)
  A killer bee (D)
  A howler monkey (D)
  A gnoll bouda (D)
  An orc wizard (D)
  An ufetubus (D)
  2 goblins (D)
  A ball python (D)
  A kobold (D)
  A rat (D)
20 creatures vanquished.

Notes
Turn   | Place    | Note
-------+----------+-------------------------------------------
     0 | D        | Heoruswealwe the Minotaur Fighter began the quest for the
                  | Orb.
     0 | D        | Reached XP level 1. HP: 19/19 MP: 0/0
     8 | D        | Reached skill level 3 in Polearms
    20 | D        | Noticed an ogre
    20 | D        | Noticed a howler monkey
    20 | D        | Noticed a water moccasin
    20 | D        | Noticed a black bear
    27 | D        | Reached skill level 4 in Polearms
    27 | D        | Reached XP level 2. HP: 19/28 MP: 1/1
    30 | D        | Killed a black bear
    31 | D        | Reached skill level 8 in Polearms
    31 | D        | Reached XP level 3. HP: 16/38 MP: 2/2
    31 | D        | Reached XP level 4. HP: 19/45 MP: 3/3
    44 | D        | Killed a water moccasin
    45 | D        | Reached skill level 10 in Polearms
    45 | D        | Reached XP level 5. HP: 28/53 MP: 4/4
    62 | D        | Killed an ogre
    63 | D        | Reached skill level 11 in Polearms
    63 | D        | Reached XP level 6. HP: 17/62 MP: 5/5
    69 | D        | Found a snail-covered altar of Cheibriados.
    69 | D        | Found a shadowy altar of Dithmenos.
    69 | D        | Found a white marble altar of Elyvilon.
    69 | D        | Found a blossoming altar of Fedhas.
    69 | D        | Found an opulent altar of Gozag.
    70 | D        | Found a hazy altar of Hepliaklqana.
    71 | D        | Found a viscous altar of Jiyva.
    72 | D        | Found an ancient bone altar of Kikubaaqudgha.
    73 | D        | Found a corrupted altar of Lugonu.
    74 | D        | Found a burning altar of Makhleb.
    75 | D        | Found a sparkling altar of Nemelex Xobeh.
    76 | D        | Found an iron altar of Okawaru.
    77 | D        | Became a worshipper of Gozag Ym Sagoz the Greedy
    78 | D        | Found a stormy altar of Qazlal.
    79 | D        | Found a sacrificial altar of Ru.
    80 | D        | Found a shimmering blue altar of Sif Muna.
    81 | D        | Found a bloodstained altar of Trog.
    82 | D        | Found a hide-covered altar of Uskayaw.
    83 | D        | Found a radiant altar of Vehumet.
    84 | D        | Found an ornate altar of the Wu Jian Council.
    85 | D        | Found a shimmering altar of Xom.
    86 | D        | Found a basalt altar of Yredelemnul.
    87 | D        | Found a glowing silver altar of Zin.
    88 | D        | Found a glowing golden altar of the Shining One.
   214 | D        | Noticed a yak
   221 | D        | Reached skill level 12 in Polearms
   226 | D        | Killed a yak
   227 | D        | Reached XP level 7. HP: 69/71 MP: 6/6
   232 | D        | Reached skill level 10 in Fighting
   232 | D        | Reached skill level 13 in Polearms
   232 | D        | Reached skill level 10 in Armour
   258 | D        | Noticed an efreet
   258 | D        | Noticed a wraith
   258 | D        | Noticed a kobold demonologist
   263 | D        | Killed a kobold demonologist
   264 | D        | Reached skill level 14 in Polearms
   272 | D        | Killed a wraith
   273 | D        | Reached XP level 8. HP: 71/82 MP: 7/7
   275 | D        | Reached skill level 15 in Polearms
   286 | D        | HP: 1/82 [efreet/bolt of fire (23)]
   287 | D        | Killed from afar by an efreet

Illustrated notes

Levels and vault maps discovered:
D:        linesprint [early_d, line_temple, items_1, d_10, items_2, lair_1,
          lair_end, items_3, orc_1, orc_end, items_4, d_15, swamp_1, shoals_1,
          snake_1, spider_1, d_20, vaults_1, items_5, swamp_end, shoals_end,
          snake_end, spider_end, vaults_end, d_27, items_6, zot_1, zot_end,
          crypt_end, forest_end, elf_end, slime_end, tomb_end, abyss_end,
          pan_hell_end]

Skill      XL: |  1  2  3  4  5  6  7  8 |
---------------+-------------------------+-----
Polearms       | 4 8 10 11 12 14 15 | 15.4
Fighting       | 4 6 7 8 9 11 | 11.6
Armour         | 4 6 7 8 9 11 | 11.6
Shields        | |  3.6

Action                     |  1- 3 |  4- 6 |  7- 9 || total
---------------------------+-------+-------+-------++-------
  Melee: Trident           |    16 |    30 |       ||    46
         Headbutt          |     4 |     7 |     5 ||    16
         Halberd           |       |    12 |    39 ||    51
    Use: Potion            |       |     2 |     1 ||     3
 Armour: Scale mail        |     8 |     9 |       ||    17
         Plate armour      |       |     5 |    21 ||    26
  Dodge: Dodged            |    11 |     7 |     5 ||    23
  Block: Buckler           |     4 |     5 |       ||     9
